 Dungeon Crawl Stone Soup version 0.23-a0-494-g91793a9df2 (webtiles) character file.

112952 Naow the Severer (level 16, -3/154 HPs)
             Began as a Minotaur Berserker on Dec 3, 2018.
             Was the Champion of Trog.
             Slain by a six-headed hydra (8 damage)
             ... on level 1 of the Swamp.
             The game lasted 00:34:13 (26668 turns).

Naow the Severer (Minotaur Berserker)              Turns: 26668, Time: 00:34:14

Health: -3/154     AC: 25    Str: 37    XL:     16   Next: 12%
Magic:  0/15       EV: 14    Int:  4    God:    Trog [******]
Gold:   668        SH:  0    Dex: 10    Spells: 15/15 levels left

rFire    . . .     SeeInvis .   b - +4 battleaxe (elec)
rCold    . . .     Gourm    .   (shield currently unavailable)
rNeg     + . .     Faith    .   T - +0 plate armour
rPois    +         Spirit   +   (helmet restricted)
rElec    +         Reflect  .   r - +1 cloak
rCorr    .         Harm     .   H - +1 pair of gloves
MR       +++..                  E - +1 pair of boots of the Harvest {Str+8}
Stlth    ..........             g - amulet of guardian spirit
HPRegen  1.35/turn              S - ring of the Sky {+Fly rElec rN+}
MPRegen  0.14/turn              P - ring of poison resistance

@: berserk cooldown, regenerating, studying Short Blades
A: retaliatory headbutt, horns 2
a: Berserk, Trog's Hand, Brothers in Arms, Renounce Religion, Evoke Flight


You were on level 1 of the Swamp.
You worshipped Trog.
Trog was exalted by your worship.
You were not hungry.

You visited 3 branches of the dungeon, and saw 22 of its levels.
You also visited: Sewer.

You collected 1361 gold pieces.
You spent 693 gold pieces at shops.

Inventory:

Hand Weapons
 b - a +4 battleaxe of electrocution (weapon)
 p - a +5 executioner's axe of freezing
Armour
 r - a +1 cloak (worn)
 E - the +1 pair of boots of the Harvest (worn) {Str+8}
   (You bought it in a shop on level 6 of the Dungeon)

   It affects your strength (+8).
 H - a +1 pair of gloves (worn)
 T - a +0 plate armour (worn)
Jewellery
 g - an amulet of guardian spirit (around neck)
 m - an uncursed ring of resist corrosion
 N - an uncursed ring of protection from fire
 P - a ring of poison resistance (right hand)
 R - an uncursed ring of see invisible
 S - the ring of the Sky (left hand) {+Fly rElec rN+}
   (You found it on level 3 of the Lair of Beasts)

   [ring of positive energy]

   It insulates you from electricity.
   It protects you from negative energy.
   It lets you fly.
Wands
 x - a wand of paralysis (10)
 z - a wand of iceblast (8)
 J - a wand of polymorph (14)
 L - a wand of flame (41)
 O - a wand of digging (1)
Scrolls
 e - 10 scrolls of identify
 l - 4 scrolls of enchant weapon
 o - 7 scrolls of magic mapping
 s - 3 scrolls of random uselessness
 t - 5 scrolls of fear
 u - 11 scrolls of remove curse
 w - a scroll of holy word {unknown}
 y - a scroll of silence
 D - a scroll of immolation
 I - 4 scrolls of teleportation
 M - 8 scrolls of enchant armour
 Q - 2 scrolls of fog
 Z - 4 scrolls of blinking
Potions
 d - 2 potions of brilliance
 f - 7 potions of flight
 h - 2 potions of might
 i - 4 potions of agility
 j - 5 potions of lignification
 k - 15 potions of curing
 n - 3 potions of mutation
 q - 3 potions of cancellation
 v - 6 potions of heal wounds
 A - 2 potions of degeneration
 B - a potion of ambrosia
 C - a potion of magic
 F - 2 potions of haste
 K - a potion of berserk rage
 V - a potion of invisibility
 X - a potion of resistance
Books
 a - a manual of Short Blades
Comestibles
 c - 35 rations


   Skills:
 + Level 16.9 Fighting
 + Level 19.6 Axes
 + Level 16.8 Armour
 + Level 12.5 Dodging


You had 15 spell levels left.
You didn't know any spells.
Your spell library was empty.

Dungeon Overview and Level Annotations

Branches:
Dungeon (15/15)            Temple (0/1) D:7            Lair (6/6) D:8
  Swamp (1/4) Lair:2       Spider (0/4) Lair:3        Slime (0/5) Lair:6
    Orc (0/2) D:9          Vaults (0/5) D:14         Depths (0/5) D:15

Altars:
Elyvilon
Fedhas
Hepliaklqana
Kikubaaqudgha
Okawaru
Trog
Xom
Zin
The Shining One
Beogh
Jiyva

Shops:
D:6 [   D:14 [=(?   D:15 *

Annotations:
D:8 exclusion: oklob plant


Innate Abilities, Weirdness & Mutations

You reflexively headbutt those who attack you in melee.
You have a pair of horns on your head.


Message History

The swamp dragon bites you but does no damage.
The swamp dragon claws you but does no damage.
The swamp dragon completely misses you.
The six-headed hydra bites you but does no damage. x4
The six-headed hydra bites you.
* * * LOW HITPOINT WARNING * * *
The six-headed hydra bites you but does no damage.
You feel yourself speed up.
The six-headed hydra bites you but does no damage.
The six-headed hydra bites you.
* * * LOW HITPOINT WARNING * * *
The six-headed hydra barely misses you.
The six-headed hydra bites you but does no damage. x2
The six-headed hydra bites you.
* * * LOW HITPOINT WARNING * * *
The six-headed hydra barely misses you. You furiously retaliate!
You headbutt the six-headed hydra!
The six-headed hydra bites you but does no damage.
The six-headed hydra bites you!
You die...

♣..≈≈≈.§≈.♣ ≈≈≈.♣ ♣.♣≈
♣......≈≈.♣♣.≈.♣ ♣.♣.
♣♣.♣.♣♣.%.≈≈♣≈..♣ ♣.≈.
♣†...♣♣†≈≈≈.≈≈..♣ ♣...
♣$§♣.♣♣♣.♣§§≈≈♣≈♣♣
♣.≈.♣♣.≈≈.♣ ♣≈≈§.>...≈♣♣
♣§≈.♣.≈§v≈♣ ♣.≈§§.......
♣≈≈.♣.≈.≈≈♣♣♣..DDD....#.
..≈..≈≈.≈..♣♣♣..@##.....
....≈≈≈.≈.≈F♣.....#...##
.≈≈≈≈.♣..♣.♣..........#
.≈≈≈..♣♣..≈.≈...!.#....#
♣≈≈≈.♣♣ .♣≈.≈...........
♣♣.≈.♣ .♣♣♣≈..#.#..#...
♣.≈≈.♣♣ ≈≈....#.. #..
♣♣.≈♣.♣ .≈.....#... ..
♣♣♣<♣♣


You could see 2 six-headed hydras and a swamp dragon.

Vanquished Creatures
  Kirke (Lair:5)
  An orc warlord (D:14)
  The ghost of Cuipn the Blocker, a journeyman MiFi of Uskayaw (D:14)
  An entropy weaver (shapeshifter) (D:12)
  The ghost of hemabe the Covert, a journeyman HuAr of Trog (Lair:4)
  A dire elephant (Lair:6)
  A merfolk javelineer (D:14)
  Snorg (Lair:6)
  8 hydras
  A naga warrior (D:14)
  2 vault guards (D:14)
  4 centaur warriors
  A death knight (D:15)
  A merfolk avatar (Lair:6)
  12 two-headed ogres
  2 catoblepae
  5 death yaks (D:8)
  An ogre mage (D:15)
  3 alligators (Swamp:1)
  Urug (Lair:3)
  A deep elf knight (D:14)
  A fire crab (shapeshifter) (D:15)
  5 skeletal warriors (D:14)
  3 sea snakes (Lair:6)
  A deep troll (shapeshifter) (D:15)
  A glowing orange brain (D:15)
  An unseen horror (D:10)
  Pikel (D:9)
  An orc knight (D:15)
  A swamp dragon (Swamp:1)
  2 harpies (Lair:6)
  A wizard (D:14)
  A wolf spider (D:15)
  19 ugly things
  2 deep elf magi (D:14)
  A wolf spider zombie (D:15)
  2 manticores (D:14)
  2 cyclopes (D:15)
  4 centaur zombies
  9 elephants
  2 black mambas
  A centaur skeleton (D:15)
  22 spiny frogs
  5 yaktaurs (D:15)
  3 kobold demonologists
  A freezing wraith (D:15)
  4 rime drakes
  17 komodo dragons
  An efreet (D:14)
  3 tengu conjurers (D:15)
  A polar bear (shapeshifter) (D:15)
  4 trolls
  A wolf spider simulacrum (D:12)
  7 polar bears
  A jumping spider (shapeshifter) (D:15)
  5 jumping spiders (Lair:3)
  6 dream sheep (Lair:5)
  6 hornets
  3 blink frogs (Lair:5)
  18 slime creatures
  10 hippogriffs
  2 bog bodies (Lair:2)
  Sigmund (D:3)
  3 redbacks (Lair:3)
  2 vampires
  7 hogs
  21 humans
  2 wyverns
  31 yaks
  5 wraiths
  A basilisk (D:15)
  6 vampire mosquitoes
  A steam dragon (D:10)
  A hungry ghost (D:11)
  4 insubstantial wisps (Swamp:1)
  2 swamp worms (Swamp:1)
  An acid dragon (D:15)
  Duvessa (D:6)
  11 water moccasins
  A porcupine (Lair:1)
  4 black bears
  4 slaves (D:9)
  13 orc warriors
  2 sky beasts
  3 ice beasts
  2 eyes of draining (D:3)
  7 ogres
  4 phantoms
  20 centaurs
  9 wolves
  5 big kobolds
  7 crocodiles
  Blork the orc (D:5)
  17 bullfrogs
  Dowan (D:6)
  3 water moccasin skeletons
  5 scorpions
  19 killer bees
  3 wights (D:11)
  7 howler monkeys
  2 electric eels
  8 crimson imps
  A bullfrog zombie (D:12)
  8 jellies
  5 hounds
  Crazy Yiuf (D:5)
  14 orc priests
  2 bullfrog skeletons (D:12)
  19 orc wizards
  Jessica (D:3)
  2 iguanas (D:4)
  15 worker ants
  A hound zombie (D:11)
  A hound skeleton (D:4)
  Robin (D:3)
  2 worker ant zombies
  9 gnolls
  A howler monkey skeleton (D:9)
  8 adders
  2 shadow imps
  3 oozes
  2 adder skeletons
  3 worms
  5 dart slugs
  8 leopard geckos
  67 orcs
  4 giant cockroaches
  18 goblins
  11 hobgoblins
  26 jackals
  2 quokkas
  A ball python (D:4)
  10 bats
  6 frilled lizards
  A giant cockroach zombie (D:6)
  21 kobolds
  A leopard gecko skeleton (D:8)
  2 rats
  9 plants
771 creatures vanquished.

Vanquished Creatures (others)
  A human (Lair:5)
  A water moccasin (Lair:6)
  3 fungi (Lair:6)
  4 plants (Lair:6)
9 creatures vanquished.

Grand Total: 780 creatures vanquished

Notes
Turn   | Place    | Note
-------+----------+-------------------------------------------
     0 | D:1      | Naow the Minotaur Berserker began the quest for the Orb.
     0 | D:1      | Reached XP level 1. HP: 19/19 MP: 0/0
   192 | D:1      | Reached skill level 4 in Axes
   309 | D:1      | Reached XP level 2. HP: 20/26 MP: 1/1
   959 | D:1      | Reached skill level 5 in Axes
  1215 | D:2      | Found a hazy altar of Hepliaklqana.
  1221 | D:2      | Reached XP level 3. HP: 31/31 MP: 2/2
  1439 | D:2      | Reached ** piety under Trog
  1833 | D:2      | Found an ancient bone altar of Kikubaaqudgha.
  2040 | D:3      | Noticed an ogre
  2047 | D:3      | Killed an ogre
  2047 | D:3      | Reached skill level 7 in Axes
  2047 | D:3      | Reached XP level 4. HP: 5/39 MP: 0/3
  2047 | D:3      | Reached XP level 5. HP: 6/45 MP: 0/4
  2308 | D:3      | Noticed Jessica
  2316 | D:3      | Killed Jessica
  2339 | D:3      | Noticed Robin
  2348 | D:3      | Killed Robin
  2672 | D:3      | Found a blossoming altar of Fedhas.
  2682 | D:3      | Noticed Sigmund
  2693 | D:3      | Killed Sigmund
  2693 | D:3      | Reached skill level 8 in Axes
  2693 | D:3      | Reached XP level 6. HP: 51/51 MP: 3/5
  2743 | D:3      | Reached skill level 9 in Axes
  2745 | D:3      | Reached *** piety under Trog
  3019 | D:3      | Found a bloodstained altar of Trog.
  3031 | D:3      | Reached XP level 7. HP: 46/57 MP: 0/6
  3033 | D:3      | Reached skill level 10 in Axes
  3309 | D:4      | Found a glowing drain.
  3331 | Sewer    | Entered a sewer
  3821 | D:4      | Reached skill level 11 in Axes
  4028 | D:4      | Got a glittering crystal amulet
  4036 | D:4      | Reached XP level 8. HP: 64/64 MP: 7/7
  4299 | D:4      | Reached **** piety under Trog
  4563 | D:4      | Reached skill level 12 in Axes
  4584 | D:4      | Found a glowing golden altar of the Shining One.
  4591 | D:4      | Found a glowing silver altar of Zin.
  4592 | D:4      | Found a white marble altar of Elyvilon.
  4836 | D:5      | Entered Level 5 of the Dungeon
  5326 | D:5      | Noticed Blork the orc
  5331 | D:5      | Killed Blork the orc
  5520 | D:5      | Found a runed door.
  5797 | D:5      | Noticed Crazy Yiuf
  5801 | D:5      | Killed Crazy Yiuf
  6004 | D:6      | Reached skill level 5 in Fighting
  6194 | D:6      | Noticed Duvessa
  6194 | D:6      | Noticed Dowan
  6203 | D:6      | Killed Dowan
  6203 | D:6      | Killed Duvessa
  6275 | D:6      | Reached XP level 9. HP: 66/74 MP: 6/8
  6429 | D:6      | Found Fitil's Antique Armour Emporium.
  6437 | D:6      | Bought a pair of transparent boots for 294 gold pieces
  6447 | D:6      | Identified the +1 pair of boots of the Harvest {Str+8} (You
                  | bought it in a shop on level 6 of the Dungeon)
  6512 | D:6      | Reached skill level 5 in Armour
  7081 | D:7      | Reached skill level 13 in Axes
  7400 | D:7      | Found a staircase to the Ecumenical Temple.
  7445 | D:7      | Found an iron altar of Okawaru.
  7687 | D:7      | Found an iron altar of Okawaru.
  7960 | D:8      | Noticed a death yak
  7962 | D:8      | Noticed a death yak
  7963 | D:8      | Noticed a death yak
  7963 | D:8      | Noticed a death yak
  7970 | D:8      | Noticed a death yak
  7971 | D:8      | Killed a death yak
  7971 | D:8      | Reached XP level 10. HP: 90/90 MP: 5/9
  7974 | D:8      | Killed a death yak
  7974 | D:8      | Reached skill level 14 in Axes
  7977 | D:8      | Found a staircase to the Lair.
  7982 | D:8      | Killed a death yak
  7986 | D:8      | Killed a death yak
  7998 | D:8      | Killed a death yak
  7998 | D:8      | Reached skill level 10 in Fighting
  8252 | D:8      | Reached XP level 11. HP: 97/99 MP: 8/10
  8282 | D:8      | Reached ***** piety under Trog
  8541 | D:8      | Reached skill level 10 in Armour
  8569 | D:8      | Noticed a two-headed ogre
  8575 | D:8      | Killed a two-headed ogre
  8575 | D:8      | Reached skill level 15 in Axes
  8829 | D:8      | Found a hazy altar of Hepliaklqana.
  8830 | D:8      | Noticed an oklob plant
  9075 | Lair:1   | Entered Level 1 of the Lair of Beasts
  9217 | D:9      | Found a staircase to the Orcish Mines.
  9221 | D:9      | Received a gift from Trog
  9222 | D:9      | Found a roughly hewn altar of Beogh.
  9543 | D:9      | Noticed Pikel
  9557 | D:9      | Killed Pikel
 10424 | D:9      | Found a shimmering altar of Xom.
 10753 | D:10     | Entered Level 10 of the Dungeon
 10755 | D:10     | Noticed a two-headed ogre
 10763 | D:10     | Killed a two-headed ogre
 10765 | D:10     | Noticed a two-headed ogre
 10771 | D:10     | Killed a two-headed ogre
 10997 | D:10     | Received a gift from Trog
 11023 | D:10     | Found a hazy altar of Hepliaklqana.
 11748 | D:10     | Killed an unseen horror
 11748 | D:10     | Reached skill level 16 in Axes
 11748 | D:10     | Reached XP level 12. HP: 51/112 MP: 5/11
 12288 | D:11     | Noticed a six-headed hydra
 12300 | D:11     | Killed a nine-headed hydra
 13182 | D:12     | Noticed a two-headed ogre
 13194 | D:12     | Killed a two-headed ogre
 13638 | D:12     | Received a gift from Trog
 13785 | D:12     | Reached skill level 5 in Dodging
 14313 | D:12     | Noticed an entropy weaver
 14318 | D:12     | Killed an entropy weaver
 15305 | D:13     | Noticed a centaur warrior
 15314 | D:13     | Killed a centaur warrior
 15379 | D:13     | Noticed an eight-headed hydra
 15485 | D:13     | Noticed a catoblepas
 15491 | D:13     | Killed a catoblepas
 15581 | D:13     | Found a labyrinth entrance.
 15612 | D:12     | Killed a nine-headed hydra
 15612 | D:12     | Reached XP level 13. HP: 122/122 MP: 12/12
 15830 | D:13     | Reached skill level 17 in Axes
 16021 | D:13     | Identified the amulet of Silun {Harm *Drain Dex+2} (You
                  | found it on level 4 of the Dungeon)
 16419 | D:14     | Found Baolioxi's Jewellery Emporium.
 16432 | D:14     | Found a runed gate.
 16432 | D:14     | Found a runed gate.
 16432 | D:14     | Found a runed gate.
 16433 | D:14     | Noticed an orc warlord
 16438 | D:14     | Noticed Cuipn's ghost (journeyman MiFi)
 16581 | D:14     | Identified the +2 robe of Action {+Fly Regen+ rCorr Dex+3}
 16581 | D:14     | Noticed a merfolk javelineer
 16587 | D:14     | Found an iron altar of Okawaru.
 16617 | D:14     | Received a gift from Trog
 17065 | D:14     | Found Isonob's Antique Weapon Boutique.
 17117 | D:14     | Bought an encrusted battleaxe for 287 gold pieces
 17117 | D:14     | Lost intelligence.
 17117 | D:14     | Identified the cursed +1 battleaxe "Marhud" {flame, rElec
                  | Int-4 Dex+4} (You bought it in a shop on level 14 of the
                  | Dungeon)
 17183 | D:14     | Found Kyfilept's Magic Scroll Shoppe.
 17189 | D:14     | Bought a scroll of blinking for 112 gold pieces
 17330 | D:14     | Found Gagiur's Armour Shoppe.
 17577 | D:14     | Reached ****** piety under Trog
 17720 | D:14     | Reached XP level 14. HP: 133/133 MP: 13/13
 17775 | D:14     | Found a gate to the Vaults.
 17976 | D:14     | Killed Cuipn's ghost
 17980 | D:14     | Reached skill level 18 in Axes
 17981 | D:14     | Killed an orc warlord
 18239 | D:15     | Entered Level 15 of the Dungeon
 18246 | D:15     | Reached skill level 15 in Fighting
 18254 | D:15     | Reached skill level 15 in Armour
 18348 | D:15     | Reached skill level 10 in Dodging
 18390 | D:15     | Received a gift from Trog
 18925 | D:15     | Found Tikics's Assorted Antiques.
 19026 | D:15     | Found a staircase to the Depths.
 20885 | Lair:2   | Reached XP level 15. HP: 137/143 MP: 12/14
 21158 | Lair:2   | Found a staircase to the Swamp.
 21436 | Lair:2   | Received a gift from Trog
 22113 | Lair:3   | Got a pitted silver ring
 22132 | Lair:3   | Noticed Urug
 22143 | Lair:3   | Killed Urug
 22188 | Lair:3   | Found a hole to the Spider Nest.
 22858 | Lair:4   | Reached skill level 19 in Axes
 23016 | Lair:4   | Found a runed gate.
 23017 | Lair:4   | Found a runed gate.
 23018 | Lair:4   | Found a runed gate.
 23023 | Lair:4   | Found a viscous altar of Jiyva.
 23023 | Lair:4   | Noticed hemabe's ghost (journeyman HuAr)
 23038 | Lair:4   | Killed hemabe's ghost
 23103 | Lair:4   | Identified the ring of the Sky {+Fly rElec rN+} (You found
                  | it on level 3 of the Lair of Beasts)
 23720 | Lair:5   | Noticed Kirke
 23726 | Lair:5   | Killed Kirke
 24486 | Lair:6   | Entered Level 6 of the Lair of Beasts
 24695 | Lair:6   | Found a staircase to the Slime Pits.
 24825 | Lair:6   | Received a gift from Trog
 25774 | Lair:6   | Reached XP level 16. HP: 140/154 MP: 13/15
 25828 | Lair:6   | Noticed Snorg
 25835 | Lair:6   | Killed Snorg
 26584 | Swamp:1  | Entered Level 1 of the Swamp
 26630 | Swamp:1  | Received a gift from Trog
 26668 | Swamp:1  | HP: 5/154 [six-headed hydra (4)]
 26668 | Swamp:1  | Slain by a six-headed hydra

Vault maps used:
D:1:      dpeg_arrival_rooms_with_view, minivault_27, corner_web_ring
D:2:      old_standard_altar, old_standard_altar, hex_tiny
D:3:      nicolae_overflow_crystal_walls, trog_eyes_of_draining, uniq_robin,
          uniq_jessica, uniq_sigmund
D:4:      good_gods_mini_temple, cheibrodos_sewer_entry_sluice
D:5:      first_ration, chequers_serial_rivers_micro_c, uniq_crazy_yiuf_cottage,
          uniq_blork_the_orc
D:6:      serial_shops, shop, uniq_duvessa
D:7:      marbit_many_paths, minmay_temple_entry_junction, basic_altar,
          grunt_livestock, chequers_serial_rivers_micro_c
D:8:      dpeg_lair_monsters, lemuel_oklob_altar
D:9:      lemuel_round_altar, david_orc_5, uniq_pikel
D:10:     basic_altar, palyth_stone_intersect
D:11:     kennysheep_kite_vault
D:12:     st_stairs_13
D:13:     lab_entry_generic
D:14:     grunt_vaults_entry_tiered, serial_shops, kennysheep_little_box,
          nicolae_shop_stone, nicolae_shop_crystal, shop,
          gammafunk_ghost_fury_of_okawaru, hangedman_abyss_or_decor_slice
D:15:     gammafunk_enter_depths_forms, serial_shops, nicolae_shop_behind_doors,
          minmay_misc_feat_pillars
Lair:1:   serial_bayou_shore_a, grunt_megastairs_1
Lair:2:   skrybe_swamp_entry_bodies, grunt_forest_small_clearings,
          grunt_megastairs_5
Lair:3:   nicolae_spider_entry_tight_spaces, serial_bayou_pond_e, uniq_urug
Lair:4:   gammafunk_ghost_ooze, infiniplex_staircase_pool_2
Lair:5:   uniq_kirke
Lair:6:   gammafunk_lair_ancient_temple, dpeg_slime_entry_corner, minivault_24,
          st_stairs_8, minivault_25, uniq_snorg
Swamp:1:  gammafunk_mikee_crab_dinner, serial_swamp_ruin,
          evilmike_swamp_ruin_house_4, evilmike_swamp_ruin_rubble_1,
          hangedman_swamp_ruin_wall
Sewer:    sewer_the_crocodile

Skill      XL: |  1  2  3  4  5  6  7  8  9 10 11 12 13 14 15 |
---------------+----------------------------------------------+-----
Axes           | 4 5 7 8 9 11 12 13 14 16 17 18 19 | 19.6
Fighting       | 5 8 10 12 13 14 15 16 | 16.9
Armour         | 4 8 9 11 13 14 15 16 | 16.8
Dodging        | 6 8 10 12 | 12.5

Action                   |  1- 3 |  4- 6 |  7- 9 | 10-12 | 13-15 | 16-18 || total
-------------------------+-------+-------+-------+-------+-------+-------++-------
Melee: Hand axe          |    86 |    73 |    55 |       |       |       ||   214
       Headbutt          |    10 |    11 |    49 |   138 |   184 |    12 ||   404
       War axe           |       |       |   223 |   125 |       |       ||   348
       Broad axe         |       |       |       |   368 |   253 |       ||   621
       Battleaxe         |       |       |       |       |   455 |    47 ||   502
Invok: Berserk           |       |     3 |     2 |     6 |     7 |     1 ||    19
       Trog's Hand       |       |       |       |       |       |     1 ||     1
  Use: Scroll            |     5 |       |       |     6 |    17 |       ||    28
       Potion            |       |       |       |     1 |       |       ||     1
 Stab: Sleeping          |     1 |       |       |       |       |       ||     1
  Eat: Chunk             |     3 |     6 |    17 |    16 |    30 |     1 ||    73
       Ration            |       |       |       |     4 |     3 |     1 ||     8
Armor: Animal skin       |    18 |    14 |    21 |       |       |       ||    53
       Scale mail        |       |       |    77 |   253 |       |       ||   330
       Plate armour      |       |       |       |    17 |   428 |    63 ||   508
Dodge: Dodged            |    59 |    36 |   130 |   230 |   373 |    62 ||   890

Table legend:
 A = Non-vault XP
 B = Vault XP
 C = Vault XP percentage of total XP
 D = Non-vault monster count
 E = Vault monster count
 F = Vault count percentage of total count
                 A         B        C        D         E       F
            +---------+---------+-------+---------+---------+-------
      Total |  108558 |   52803 |  32.7 |     573 |     186 |  24.5
            +---------+---------+-------+---------+---------+-------
        D:1 |      34 |       3 |   8.1 |      17 |       2 |  10.5
        D:2 |      46 |       0 |   0.0 |      22 |       0 |   0.0
        D:3 |     255 |     573 |  69.2 |      33 |      17 |  34.0
        D:4 |     710 |       2 |   0.3 |      26 |       2 |   7.1
        D:5 |     491 |     132 |  21.2 |      19 |       2 |   9.5
        D:6 |     440 |     220 |  33.3 |      12 |       2 |  14.3
        D:7 |    1031 |    1036 |  50.1 |      26 |       6 |  18.8
        D:8 |    3120 |    5117 |  62.1 |      41 |       9 |  18.0
        D:9 |    1949 |    1367 |  41.2 |      38 |      23 |  37.7
       D:10 |    5367 |       0 |   0.0 |      38 |       0 |   0.0
       D:11 |    2690 |    2162 |  44.6 |      20 |      16 |  44.4
       D:12 |    9557 |      46 |   0.5 |      43 |       1 |   2.3
       D:13 |    6897 |       0 |   0.0 |      27 |       0 |   0.0
       D:14 |   18470 |   13875 |  42.9 |      49 |      33 |  40.2
       D:15 |   18653 |    4447 |  19.3 |      42 |       8 |  16.0
     Lair:1 |    1978 |     735 |  27.1 |       7 |       4 |  36.4
     Lair:2 |    6551 |     920 |  12.3 |      27 |       4 |  12.9
     Lair:3 |    3932 |    2943 |  42.8 |      10 |       9 |  47.4
     Lair:4 |    7034 |    2182 |  23.7 |      19 |       7 |  26.9
     Lair:5 |    7305 |    2717 |  27.1 |      21 |       4 |  16.0
     Lair:6 |    6593 |   14216 |  68.3 |      22 |      31 |  58.5
    Swamp:1 |    5455 |       0 |   0.0 |      14 |       0 |   0.0
      Sewer |       0 |     110 | 100.0 |       0 |       6 | 100.0
            +---------+---------+-------+---------+---------+-------
